 Dungeon Crawl Stone Soup version 0.28-a0-1395-g4f6bc678fa (console) character file.

Game seed: 6206569501898451622

48 petzl the Vexing (level 4, -1/12 (33) HPs)
             Began as a Formicid Arcane Marksman on Jan 4, 2022.
             Slain by an adder (3 damage)
             ... on level 4 of the Dungeon.
             The game lasted 00:05:45 (2254 turns).

petzl the Vexing (Formicid Arcane Marksman)         Turns: 2254, Time: 00:05:46

HP:   -1/12 (33)    AC:  2    Str: 15    XL:     4   Next: 0%
MP:   6/6           EV: 12    Int: 14    God:
Gold: 99            SH:  0    Dex: 11    Spells: 1/6 levels left

rFire   . . .      SeeInvis +   a - +0 short sword
rCold   . . .      Faith    .   (no shield)
rNeg    . . .      Spirit   .   d - +0 robe
rPois   .          Reflect  .   (helmet unavailable)
rElec   .          Harm     .   (no cloak)
rCorr   .          Rampage  .   (no gloves)
Will    .....                   (no boots)
Stlth   ++........              (no amulet)
HPRegen 0.04/turn               (no ring)
MPRegen 0.10/turn               (no ring)

@: extremely drained
A: permanent stasis, dig shafts and tunnels, antennae 3, four strong arms
a: Dig, Shaft Self


You were on level 4 of the Dungeon.
You visited 1 branch of the dungeon, and saw 4 of its levels.

You collected 99 gold pieces.

Inventory:

Hand Weapons
 a - a +0 short sword (weapon)
 b - a +0 hand crossbow
 l - a +0 quarterstaff
Missiles
 c - 7 bolts
 m - 10 poisoned darts (quivered)
Armour
 d - a +0 robe (worn)
Jewellery
 k - a ring of positive energy
Scrolls
 e - a scroll of teleportation {unknown}
 f - a scroll of blinking {unknown}
 g - 2 scrolls of fog {unknown}
 j - a scroll of identify {unknown}
Potions
 h - a potion of resistance {unknown}
 i - a potion of degeneration {unknown}


   Skills:
 + Level 1.7 Fighting
 + Level 2.3 Crossbows
 + Level 1.0 Armour
 + Level 2.0 Dodging
 + Level 1.3 Stealth
 + Level 1.6 Spellcasting
 * Level 0.2 Conjurations
 - Level 3.6 Hexes
 * Level 0.2 Air Magic
 * Level 0.6 Poison Magic


You had one spell level left.
You knew the following spells:

 Your Spells              Type           Power      Damage    Failure   Level
a - Slow                  Hex            44%        N/A       5%          1
b - Magic Dart            Conj           4%         1d3       22%         1
c - Poisonous Vapours     Pois/Air       4%         N/A       30%         2
d - Sting                 Tmut/Pois      8%         1d3       22%         1

Your spell library contained the following spells:

 Spells                   Type           Power      Damage    Failure   Level
 Tukima's Dance           Hex            11%        N/A       17%         3
 Ensorcelled Hibernation  Hex/Ice        12%        N/A       19%         2
 Searing Ray              Conj           2%         2d4       34%         2
 Inner Flame              Hex/Fire       6%         N/A       34%         3
 Portal Projectile        Hex/Tloc       12%        N/A       34%         3
 Cause Fear               Hex            5%         N/A       50%         4
 Gell's Gravitas          Tloc           1%         N/A       58%         3
 Lesser Beckoning         Tloc           1%         N/A       58%         3
 Teleport Other           Tloc           1%         N/A       58%         3
 Fulminant Prism          Conj/Hex       3%         3d6       73%         4
 Olgreb's Toxic Radiance  Pois           3%         N/A       88%         4
 Enfeeble                 Hex            5%         N/A       100%        7


Dungeon Overview and Level Annotations

Branches:
Dungeon (3/15)

Altars:

Shops:
D:4 *

Annotations:
D:1 exclusion: downstairs
D:2 Sigmund


Innate Abilities, Weirdness & Mutations

You cannot be hasted, slowed, berserked, paralysed or teleported.
You can dig through walls and to a lower floor.
You have a pair of large antennae on your head. (SInv)
Your four strong arms can wield two-handed weapons with a shield.


Message History

You dig through the rock wall.
You feel drained.
You dig through the rock wall.
You feel drained.
You retract your mandibles.
You start resting.
HP restored.
Found a book of Displacement.
You see here a book of Displacement.
You pick up a book of Displacement and begin reading...
Unfortunately, you learned nothing new.
Okay, then.
You see here 10 poisoned darts.
m - 10 poisoned darts
There is an entrance to Zinn's Overcharged Wands here.
Found 11 gold pieces and a pair of boots.
You now have 87 gold pieces (gained 11).
Found a stone staircase leading up.
Found 12 gold pieces.
A goblin comes into view. It is wielding a +0 club.
There is a stone staircase leading up here.
Found a scroll labelled ASMUFI RAHYI.
The goblin shouts!
You hear an angry hiss.
You see here 12 gold pieces.
You now have 99 gold pieces (gained 12).
An adder comes into view.
You hit the goblin.
You kill the goblin!
You have reached level 4!
You feel stronger.
b - a +0 hand crossbow (weapon)
You shoot a bolt. The bolt barely misses the adder.
You shoot a bolt. The bolt barely misses the adder.
The adder bites you.
a - a +0 short sword (weapon)
You barely miss the adder. The adder bites you but does no damage.
The adder closely misses you.
You miss the adder. The adder bites you.
You barely miss the adder. The adder bites you.
* * * LOW HITPOINT WARNING * * *
The adder bites you.
* * * LOW HITPOINT WARNING * * *
You barely miss the adder. The adder bites you.
You die...

.....................#
.............##.....#
...............##.##
..............##.#
..........######
.........#
........#.## #
......#.#.# .##
....##..###...#
.............#
#.#......#...#
#...#..#.#.#
..##...#......#
........##....#
........##...##
..#####<.##...# ###..#
..## ###...###..#
#....@.....#
#....S......#
#.......###..
.....##..... ##...
#...#?. ##.. ....##...
## .(.## ... .#.. ..


You could see an adder.

Vanquished Creatures
  An adder (D:2)
  3 dart slugs (D:1)
  4 endoplasms
  A giant cockroach (D:1)
  5 goblins
  4 hobgoblins
  A quokka (D:1)
  4 ball pythons
  2 bats (D:1)
  2 frilled lizards
  3 kobolds
  A rat (D:1)
31 creatures vanquished.

Notes
Turn   | Place    | Note
-------+----------+-------------------------------------------
     0 | D:1      | petzl the Formicid Arcane Marksman began the quest for the
                  | Orb.
     0 | D:1      | Reached XP level 1. HP: 15/15 MP: 2/2
   211 | D:1      | Reached XP level 2. HP: 11/21 MP: 3/3
   498 | D:1      | Reached skill level 1 in Stealth
   678 | D:1      | Reached XP level 3. HP: 26/26 MP: 5/5
   764 | D:1      | Learned a level 1 spell: Sting
   767 | D:1      | Learned a level 2 spell: Poisonous Vapours
   769 | D:1      | Learned a level 1 spell: Magic Dart
  1425 | D:2      | Reached skill level 1 in Armour
  1674 | D:2      | Noticed Sigmund
  2027 | D:2      | You fall into a shaft and drop 2 floors!
  2027 | D:4      | Found Zinn's Overcharged Wands.
  2247 | D:4      | Reached XP level 4. HP: 12/12 MP: 6/6
  2254 | D:4      | Slain by an adder

Illustrated notes

Levels and vault maps discovered:
D:1:      elethiomel_arrival_maze, layout_basic, minmay_tromino_v4_b
D:2:      layout_loops_corners, guppyfry_early_orc_mine, uniq_natasha,
          uniq_sigmund
D:3:      layout_basic, nicolae_overflow_ecumenical_swirl,
          nicolae_ecumenical_snake_handling
D:4:      layout_cave_pools, nicolae_shop_overcharged_wands

Skill      XL: |  1  2  3 |
---------------+----------+-----
Stealth        | 1 |  1.3
Dodging        | 2 |  2.0
Armour         | 1 |  1.0
Fighting       | |  1.7
Crossbows      | |  2.3
Spellcasting   | |  1.6
Conjurations   | |  0.2
Hexes          | |  3.6
Air Magic      | |  0.2
Poison Magic   | |  0.6

Action                   |  1- 3 |  4- 6 || total
-------------------------+-------+-------++-------
Melee: Short sword       |    32 |     4 ||    36
 Fire: Hand crossbow     |    51 |     2 ||    53
 Abil: Dig               |     4 |       ||     4
       Shaft Self        |     1 |       ||     1
Armor: Robe              |     9 |     1 ||    10
Dodge: Dodged            |    29 |     1 ||    30

Table legend: (Time is in decaauts)
 A = Elapsed time spent in this place.
 B = Non-inter-level travel time spent in this place.
 C = Inter-level travel time spent in this place.
 D = Time resting spent in this place.
 E = Time spent auto-exploring this place.
 F = Levels seen in this place.
 G = Mean time per level.
                   A        B        C        D        E       F      G
               +--------+--------+--------+--------+--------+-----+--------+
         Total |   2277 |   2156 |    121 |    810 |    945 |   4 |  569.2 |
       Dungeon |   2277 |   2156 |    121 |    810 |    945 |   4 |  569.2 |
               +--------+--------+--------+--------+--------+-----+--------+

Top non-repeatable levels by time:
     D:1: 1506 daAuts
     D:2: 525 daAuts
     D:4: 226 daAuts
     D:3: 19 daAuts
